 Dungeon Crawl Stone Soup version 0.25-a0-510-ge065f6de7d (webtiles) character file.

Game seed: 8820937958145436974, levelgen mode: classic

79492 EnegeticOcto the Champion of Chaos (level 15, -3/146 HPs)
             Began as a Deep Dwarf Fighter on Feb 15, 2020.
             Was the Champion of Makhleb.
             Slain by a merfolk impaler
             ... wielding a +2 trident of freezing
              (11 damage)
             ... on level 4 of the Shoals.
             The game lasted 00:13:33 (14327 turns).

EnegeticOcto the Champion of Chaos (DDFi)          Turns: 14327, Time: 00:13:33

Health: -3/146     AC: 26    Str: 28    XL:     15   Next: 21%
Magic:  0/13       EV: 13    Int:  9    God:    Makhleb [******]
Gold:   1058       SH:  0    Dex: 12    Spells: 14/14 levels left

rFire    + + .     SeeInvis .   r - +3 battleaxe (drain)
rCold    + + .     Gourm    .   (shield currently unavailable)
rNeg     + + .     Faith    +   s - +1 plate armour {rF+}
rPois    .         Spirit   +   M - +2 hat of the Bear Spirit {Spirit, +Rage rN+ MR++}
rElec    +         Reflect  .   L - +1 cloak {rC+}
rCorr    .         Harm     .   (no gloves)
MR       ++++.                  p - +2 pair of boots
Stlth    ..........             K - amulet of faith
HPRegen  0.00/turn              R - ring of protection from fire
MPRegen  0.13/turn              X - ring "Ubak" {Ice rElec Str+2 Stlth+}

@: non-regenerating, very slow
A: damage resistance, heal wounds, iridescent scales 1, fire resistance 1,
negative energy resistance 1, sense surroundings 2, no regeneration
a: Heal Wounds, Minor Destruction, Lesser Servant of Makhleb, Major Destruction,
Greater Servant of Makhleb, Renounce Religion, Evoke Berserk Rage


You were on level 4 of the Shoals.
You worshipped Makhleb.
Makhleb was exalted by your worship.
You were hungry.

You visited 5 branches of the dungeon, and saw 24 of its levels.
You also visited: Ice Cave.

You collected 2024 gold pieces.
You spent 966 gold pieces at shops.

Inventory:

Hand Weapons
 r - a +3 battleaxe of draining (weapon)
 Q - a +5 vampiric lajatang
Missiles
 t - 3 throwing nets (quivered)
Armour
 c - a +0 kite shield
 i - a +0 plate armour
 p - a +2 pair of boots (worn)
 s - a +1 plate armour of fire resistance (worn)
 L - a +1 cloak of cold resistance (worn)
 M - the +2 hat of the Bear Spirit (worn) {Spirit, +Rage rN+ MR++}
   (You found it in an ice cave)

   It protects you from negative energy.
   It affects your resistance to hostile enchantments.
   It lets you go berserk.
   If you remove this armour, your AC will decrease by 2 (26 -> 24).
 N - a +1 tower shield of cold resistance
Jewellery
 n - an uncursed ring of resist corrosion
 u - an uncursed ring of protection from magic
 K - an amulet of faith (around neck)
 R - a ring of protection from fire (left hand)
 W - a cursed amulet of inaccuracy {unknown}
 X - the ring "Ubak" (right hand) {Ice rElec Str+2 Stlth+}
   (You found it on level 2 of the Lair of Beasts)

   [ring of ice]

   It enhances your ice magic.
   It affects your strength (+2).
   It makes you vulnerable to fire.
   It protects you from cold.
   It insulates you from electricity.
   It makes you more stealthy.
Wands
 h - a wand of acid (8) {@V1}
 k - a wand of iceblast (25)
 x - a wand of flame (11)
 z - a wand of clouds (12)
 C - a wand of enslavement (15)
 H - a wand of polymorph (18)
 O - a wand of paralysis (12)
Scrolls
 f - 7 scrolls of teleportation {@r2}
 j - 3 scrolls of remove curse {@r6}
 v - a scroll of summoning
 y - a scroll of holy word
 A - 2 scrolls of blinking {@r3}
 P - 4 scrolls of magic mapping {@r5}
 U - 2 scrolls of identify {@r1}
Potions
 a - 3 potions of haste {@q4}
 b - 2 potions of agility {@q5}
 d - 5 potions of might {@q3}
 g - 3 potions of flight
 l - 5 potions of curing {@q1}
 m - 3 potions of resistance {@q6}
 o - 3 potions of degeneration
 q - 3 potions of berserk rage
 w - 11 potions of heal wounds {@q2}
 B - a potion of lignification {@q7}
 D - a potion of ambrosia
 E - 4 potions of invisibility
 G - a potion of magic
 I - 6 potions of mutation
 J - a potion of cancellation
Comestibles
 e - 26 rations
 S - 2 chunks of flesh


   Skills:
 * Level 12.6 Fighting
 * Level 15.0 Axes
 + Level 11.4 Armour
 + Level 10.9 Dodging
 - Level 4.1 Shields
 * Level 16.1 Invocations


You had 14 spell levels left.
You didn't know any spells.
Your spell library contained the following spells:

 Spells                   Type           Power        Failure   Level  Hunger
 Animate Skeleton         Necr           N/A          97%         1    ##.....
 Pain                     Necr           #...         97%         1    ##.....
 Confusing Touch          Hex            #.......     100%        3    ####...
 Gell's Gravitas          Tloc           #.........   100%        3    ####...
 Vampiric Draining        Necr           #.........   100%        3    ####...
 Animate Dead             Necr           N/A          100%        4    #####..
 Petrify                  Tmut/Erth      #.......     100%        4    #####..
 Agony                    Necr           #.......     100%        5    ######.
 Metabolic Englaciation   Hex/Ice        #.........   100%        5    ######.
 Yara's Violent Unravell  Hex/Tmut       #.........   100%        5    ######.


Dungeon Overview and Level Annotations

Branches:
Dungeon (14/15)            Temple (1/1) D:6            Lair (4/6) D:11
 Shoals (4/4) Lair:4       Spider (0/4) Lair:3          Orc (1/2) D:10
 Vaults (0/5) D:14          IceCv (visited)

Altars:
Ashenzari
Cheibriados
Dithmenos
Elyvilon
Fedhas
Gozag
Hepliaklqana
Kikubaaqudgha
Makhleb
Nemelex Xobeh
Okawaru
Qazlal
Ru
Trog
Vehumet
Wu Jian
Xom
Yredelemnul
Zin
The Shining One

Shops:
D:4 *   D:6 *   D:14 !%

Annotations:
D:4 2 transporters, bmpenner's ghost, amateur TeVM
Lair:1 exclusion: oklob plant


Innate Abilities, Weirdness & Mutations

You are resistant to damage.
You can heal yourself by infusing magical energy.
You resist negative energy. (rN+)
You passively map the area around you.
You do not regenerate.
You are partially covered in iridescent scales. (AC +2)
Your flesh is heat resistant. (rF+)


Message History

You are no longer poisoned.
The merfolk misses you. The merfolk impaler closely misses you.
The merfolk impaler hits you but does no damage.
The merfolk impaler hits you from afar with a +3 demon trident of freezing.
You enter the shallow water.
Moving in this stuff is going to be slow.
The merfolk impaler barely misses you.
The merfolk impaler hits you but does no damage.
The merfolk impaler hits you with a +2 trident of freezing.
The merfolk impaler closely misses you.
Your unstable footing causes you to fumble your attack.
The merfolk impaler closely misses you.
The merfolk impaler completely misses you.
The merfolk impaler hits you but does no damage. x2
Your unstable footing causes you to fumble your attack.
The merfolk impaler hits you but does no damage.
The merfolk impaler barely misses you.
Your unstable footing causes you to fumble your attack.
The merfolk impaler hits you but does no damage. x2
The merfolk impaler closely misses you.
You miss the merfolk impaler. You closely miss the merfolk impaler.
The merfolk impaler closely misses you. The merfolk impaler barely misses you.
The merfolk impaler hits you but does no damage.
You miss the merfolk impaler. You barely miss the merfolk impaler.
You closely miss the merfolk. The merfolk barely misses you.
The merfolk impaler hits you but does no damage.
The merfolk impaler hits you with a +3 demon trident of freezing!
The merfolk impaler freezes you.
You slash the merfolk impaler!
The merfolk impaler is moderately wounded.
You slice the merfolk impaler!! You barely miss the merfolk.
The merfolk impaler closely misses you.
The merfolk impaler hits you with a +3 demon trident of freezing.
The merfolk barely misses you.
The merfolk impaler completely misses you.
The merfolk impaler hits you but does no damage.
You miss the merfolk impaler.
The merfolk impaler is lightly wounded.
You barely miss the merfolk impaler. You closely miss the merfolk.
The merfolk hits you with a +0 trident.
The merfolk impaler closely misses you. x2
You open the merfolk impaler like a pillowcase!!!
The merfolk impaler is severely wounded.
You barely miss the merfolk. You slash the merfolk impaler!
You drain the merfolk impaler.
The merfolk impaler hits you but does no damage.
The merfolk impaler hits you with a +3 demon trident of freezing!
The merfolk impaler freezes you. The merfolk closely misses you.
The merfolk impaler hits you but does no damage.
The merfolk impaler closely misses you.
You miss the merfolk impaler.
The merfolk impaler is severely wounded.
You completely miss the merfolk impaler.
You slash the merfolk! The merfolk impaler barely misses you.
The merfolk impaler closely misses you. The merfolk hits you with a +0 trident.
Your unstable footing causes you to fumble your attack.
The merfolk impaler hits you but does no damage.
The merfolk impaler misses you.
Your unstable footing causes you to fumble your attack.
The merfolk impaler hits you with a +2 trident of freezing!
* * * LOW HITPOINT WARNING * * *
The merfolk impaler freezes you. The merfolk closely misses you.
The merfolk impaler hits you with a +3 demon trident of freezing.
* * * LOW HITPOINT WARNING * * *
The merfolk impaler closely misses you. x2
You slash the merfolk impaler!
The merfolk impaler is almost dead.
You slash the merfolk! You miss the merfolk impaler.
The merfolk hits you but does no damage.
The merfolk impaler hits you but does no damage.
The merfolk impaler hits you with a +3 demon trident of freezing!
* * * LOW HITPOINT WARNING * * *
The merfolk impaler hits you with a +2 trident of freezing.
Your unstable footing causes you to fumble your attack.
The merfolk impaler completely misses you.
The merfolk closely misses you. The merfolk impaler barely misses you.
The merfolk impaler hits you with a +3 demon trident of freezing.
You miss the merfolk impaler.
The merfolk impaler is almost dead.
Your plate armour prevents you from hitting the merfolk.
You slice the merfolk impaler!!
The merfolk impaler hits you but does no damage.
The merfolk hits you but does no damage.
The merfolk impaler hits you with a +2 trident of freezing!
* * * LOW HITPOINT WARNING * * *
The merfolk impaler freezes you.
The merfolk impaler hits you but does no damage.
You barely miss the merfolk impaler.
The merfolk impaler is almost dead.
You miss the merfolk. You barely miss the merfolk impaler.
The merfolk impaler hits you with a +2 trident of freezing!
* * * LOW HITPOINT WARNING * * *
The merfolk barely misses you.
The merfolk impaler hits you but does no damage.
The merfolk impaler closely misses you.
Your unstable footing causes you to fumble your attack.
The merfolk impaler hits you with a +3 demon trident of freezing!
* * * LOW HITPOINT WARNING * * *
The merfolk impaler freezes you.
The merfolk impaler hits you with a +2 trident of freezing!
You die...

* ##........%≈....≈≈≈≈≈≈≈≈
##..........≈≈...≈≈≈≈≈≈≈≈ ≈
, ..........≈≈......≈≈≈≈≈≈≈
,.........≈≈..m.≈..≈.≈≈≈≈≈
≈≈ ,
........#≈#≈###≈....≈≈≈≈≈
,,,.......≈#######≈....≈≈≈≈≈
≈ , ,
......≈#≈≈###≈###.m..≈≈≈ ,≈
......≈#≈≈mm≈≈≈# ...... ≈ ,
≈≈.....≈###≈#@#≈≈#*..... ≈ ≈
≈ ......**#≈mφ≈≈## .., ,
......≈#≈≈#≈#≈# , ≈ ≈≈....
#≈≈≈≈≈≈≈#*,, , ≈≈≈≈≈
##≈##≈≈≈# , ,, ≈ ### ###≈,
,, , ≈ ≈ * ≈ ≈. , ≈ ≈ ≈ ≈ ≈
≈ ≈≈≈, ≈ ≈ ≈ ≈ ≈ ≈


You could see 2 merfolk impalers and a merfolk.

Vanquished Creatures
  Jorgrun (D:13)
  Gastronok (Lair:2)
  Kirke (Shoals:4)
  Agnes (D:14)
  2 frost giants
  An ironheart preserver (D:14)
  Snorg (D:14)
  4 merfolk javelineers
  4 merfolk impalers
  Fannar (D:11)
  3 centaur warriors
  A merfolk aquamancer (Shoals:3)
  3 two-headed ogres
  A satyr (Shoals:4)
  4 death yaks (Lair:4)
  A tengu warrior (D:14)
  2 unseen horrors
  8 sea snakes
  Pikel (D:6)
  A deep elf mage (D:14)
  An oklob plant (D:11)
  3 ugly things
  3 manticores
  6 cyclopes
  4 fauns
  A black mamba (Lair:3)
  An ice statue (IceCv)
  2 water nymphs
  3 merfolk sirens
  Maurice (D:13)
  2 spiny frogs
  2 gargoyles
  2 centaur skeletons (D:12)
  A yaktaur (D:12)
  2 komodo dragons
  2 kobold demonologists (D:11)
  2 ice devils (D:13)
  18 merfolk
  14 polar bears (IceCv)
  A tengu conjurer (D:14)
  2 harpy zombies (Shoals:3)
  3 trolls
  A wind drake (Shoals:1)
  10 blink frogs
  11 slime creatures
  2 dream sheep (Shoals:1)
  3 snapping turtles
  4 hippogriffs
  Sigmund (D:6)
  2 water elementals (Shoals:3)
  A vampire (D:12)
  A spriggan (D:7)
  A tarantella (Lair:3)
  2 wyverns
  6 basilisks
  7 hogs (Shoals:4)
  A wraith (D:10)
  43 yaks
  Eustachio (D:6)
  A steam dragon (Lair:4)
  3 vampire mosquitoes (D:13)
  Menkaure (D:7)
  3 hungry ghosts
  An acid dragon (D:13)
  4 water moccasins
  8 porcupines
  Duvessa (D:6)
  9 orc warriors
  A sky beast (D:14)
  A necrophage (D:12)
  3 black bears
  5 phantoms
  9 centaurs
  12 ogres
  19 wolves
  A crocodile (shapeshifter) (D:14)
  5 crocodiles
  7 big kobolds
  A hippogriff zombie (Shoals:3)
  10 bullfrogs
  Dowan (D:6)
  A wyvern skeleton (D:8)
  3 scorpions (D:12)
  A water moccasin skeleton (D:8)
  A troll zombie (D:10)
  3 killer bees (D:11)
  A wight (D:14)
  5 howler monkeys
  4 electric eels
  8 crimson imps
  A bullfrog zombie (D:12)
  4 centaur zombies
  3 hounds
  6 orc priests
  5 bullfrog skeletons
  4 jellies
  11 orc wizards
  An iron imp (D:7)
  7 iguanas
  10 worker ants
  7 ogre zombies (D:10)
  A hound zombie (D:5)
  A hound skeleton (D:9)
  A worker ant zombie (D:6)
  11 adders
  4 gnolls (D:11)
  2 shadow imps
  2 oozes
  2 adder skeletons
  An adder zombie (D:5)
  A worm (D:3)
  4 leopard geckos
  34 orcs
  3 bats (D:1)
  A bat zombie (Shoals:3)
  A giant cockroach (D:5)
  4 goblins
  3 hobgoblins (D:3)
  12 jackals
  4 quokkas
  A frilled lizard (D:4)
  A giant cockroach zombie (D:6)
  3 goblin skeletons (D:10)
  A goblin zombie (D:10)
  A hobgoblin skeleton (D:10)
  4 hobgoblin zombies (D:10)
  27 kobolds
  A leopard gecko skeleton (D:4)
  5 orc skeletons (D:10)
  11 orc zombies (D:10)
  6 plants
560 creatures vanquished.

Vanquished Creatures (collateral kills)
  A sea snake (Shoals:2)
  A faun (Shoals:2)
  A bullfrog (D:9)
3 creatures vanquished.

Vanquished Creatures (others)
  A big kobold (D:11)
  An orc wizard (D:8)
  A kobold (D:11)
  A fungus (Lair:4)
  2 plants
6 creatures vanquished.

Grand Total: 569 creatures vanquished

Notes
Turn   | Place    | Note
-------+----------+-------------------------------------------
     0 | D:1      | EnegeticOcto the Deep Dwarf Fighter began the quest for the
                  | Orb.
     0 | D:1      | Reached XP level 1. HP: 20/20 MP: 1/1
    12 | D:1      | Reached XP level 2. HP: 27/27 MP: 2/2
   329 | D:3      | Reached skill level 1 in Dodging
   334 | D:3      | Found an opulent altar of Gozag.
   369 | D:3      | Reached XP level 3. HP: 26/33 MP: 3/3
   406 | D:3      | Reached XP level 4. HP: 34/42 MP: 4/4
   548 | D:4      | Found a basalt altar of Yredelemnul.
   556 | D:4      | Found an ornate altar of the Wu Jian Council.
   609 | D:4      | Noticed an ogre
   627 | D:4      | Killed an ogre
   627 | D:4      | Reached XP level 5. HP: 49/49 MP: 5/5
   665 | D:4      | Found an ancient bone altar of Kikubaaqudgha.
   674 | D:4      | Found a transporter.
   677 | D:4      | Noticed bmpenner's ghost (amateur TeVM)
   678 | D:4      | Found a transporter.
   881 | D:4      | Found Hivunlis's Assorted Antiques.
   887 | D:4      | Bought a scroll labeled SENIS YGHOCEE for 25 gold pieces
   887 | D:4      | Bought a scroll labeled TEWNIONUGU for 25 gold pieces
   887 | D:4      | Bought a scroll labeled BEMITA MUAH for 25 gold pieces
   887 | D:4      | Bought a scroll labeled WAKKUVV DIUR for 25 gold pieces
   887 | D:4      | Bought a scroll labeled YDDOBI UHEPS for 25 gold pieces
  1545 | D:5      | Entered Level 5 of the Dungeon
  1578 | D:5      | Noticed a centaur
  1586 | D:5      | Killed a centaur
  1586 | D:5      | Reached XP level 6. HP: 34/56 MP: 6/6
  1615 | D:5      | Reached skill level 5 in Axes
  1639 | D:5      | Reached XP level 7. HP: 32/63 MP: 5/5
  2079 | D:6      | Gained mutation: Your flesh is heat resistant. (rF+)
                  | [potion of mutation]
  2079 | D:6      | Gained mutation: You are partially covered in iridescent
                  | scales. (AC +2) [potion of mutation]
  2109 | D:6      | Reached skill level 5 in Armour
  2298 | D:6      | Noticed Dowan
  2299 | D:6      | Noticed Duvessa
  2306 | D:6      | Killed Duvessa
  2307 | D:6      | Killed Dowan
  2307 | D:6      | Reached XP level 8. HP: 49/73 MP: 5/5
  2328 | D:6      | Found a staircase to the Ecumenical Temple.
  2338 | Temple   | Entered the Ecumenical Temple
  2403 | Temple   | Became a worshipper of Makhleb the Destroyer
  2496 | D:6      | Noticed Sigmund
  2508 | D:6      | Killed Sigmund
  2508 | D:6      | Reached skill level 1 in Invocations
  2711 | D:6      | Found Win Rar's General Store.
  2714 | D:6      | Noticed a troll
  2741 | D:6      | Killed a troll
  2741 | D:6      | Reached skill level 5 in Fighting
  2741 | D:6      | Reached skill level 2 in Invocations
  2745 | D:6      | Reached skill level 3 in Invocations
  2755 | D:6      | Noticed Eustachio
  2767 | D:6      | Killed Eustachio
  2830 | D:6      | Found a shadowy altar of Dithmenos.
  2849 | D:6      | Noticed Pikel
  2859 | D:6      | Killed Pikel
  2859 | D:6      | Reached skill level 5 in Dodging
  2859 | D:6      | Reached skill level 4 in Invocations
  2859 | D:6      | Gained mutation: You passively map the area around you.
                  | [Deep Dwarf growth]
  2859 | D:6      | Reached XP level 9. HP: 49/82 MP: 9/9
  3083 | D:7      | Found a snail-covered altar of Cheibriados.
  3088 | D:7      | Reached skill level 5 in Invocations
  3152 | D:7      | Noticed Menkaure
  3159 | D:7      | Killed Menkaure
  3413 | D:7      | Found a bloodstained altar of Trog.
  3420 | D:7      | Reached * piety under Makhleb
  3482 | D:7      | Reached skill level 6 in Invocations
  3895 | D:8      | Found a shattered altar of Ashenzari.
  3964 | D:8      | Reached skill level 7 in Invocations
  4011 | D:8      | Reached XP level 10. HP: 38/92 MP: 12/12
  4119 | D:8      | Reached ** piety under Makhleb
  4435 | D:9      | Noticed a two-headed ogre
  4445 | D:9      | Killed a two-headed ogre
  4726 | D:9      | Reached skill level 8 in Invocations
  5371 | D:10     | Entered Level 10 of the Dungeon
  5374 | D:10     | Found a staircase to the Orcish Mines.
  5393 | D:10     | Reached *** piety under Makhleb
  5411 | D:10     | Killed an unseen horror
  5533 | D:4      | Bought a glowing battleaxe for 237 gold pieces
  5734 | D:10     | Reached skill level 10 in Axes
  5953 | D:10     | Reached skill level 9 in Invocations
  6230 | Orc:1    | Entered Level 1 of the Orcish Mines
  6260 | Orc:1    | Noticed a cyclops
  6275 | Orc:1    | Killed a cyclops
  6275 | Orc:1    | Reached XP level 11. HP: 48/103 MP: 10/12
  6762 | D:6      | Bought a scroll of brand weapon for 280 gold pieces
  6932 | D:11     | Reached **** piety under Makhleb
  7098 | D:11     | Noticed Fannar
  7119 | D:11     | Killed Fannar
  7170 | D:11     | Noticed an oklob plant
  7176 | D:11     | Found a staircase to the Lair.
  7187 | D:11     | Killed an oklob plant
  7187 | D:11     | Reached skill level 10 in Invocations
  7479 | D:11     | Noticed a brown ugly thing
  7488 | D:11     | Killed a brown ugly thing
  7902 | D:13     | Noticed Jorgrun
  7913 | D:13     | Killed Jorgrun
  8095 | D:13     | Reached skill level 11 in Invocations
  8151 | D:13     | Noticed a centaur warrior
  8158 | D:13     | Killed a centaur warrior
  8171 | D:13     | Found a frozen archway.
  8186 | D:13     | Reached XP level 12. HP: 52/114 MP: 11/11
  8194 | IceCv    | Entered an ice cave
  8490 | IceCv    | Noticed a frost giant
  8498 | IceCv    | Reached ***** piety under Makhleb
  8502 | IceCv    | Reached skill level 12 in Invocations
  8508 | IceCv    | Killed a frost giant
  8520 | IceCv    | Reached skill level 10 in Fighting
  8540 | IceCv    | Found the +2 hat of the Bear Spirit {Spirit, +Rage rN+
                  | MR++}
  8851 | D:13     | Noticed Maurice
  8859 | D:13     | Killed Maurice
  9198 | D:14     | Noticed a centaur warrior
  9209 | D:14     | Killed a centaur warrior
  9227 | D:14     | Noticed a centaur warrior
  9229 | D:14     | Noticed Snorg
  9235 | D:14     | Killed a centaur warrior
  9251 | D:14     | Killed Snorg
  9251 | D:14     | Reached XP level 13. HP: 61/124 MP: 0/12
  9266 | D:14     | Found Obusm's Distillery.
  9267 | D:14     | Noticed Agnes
  9275 | D:14     | HP: 2/124 [slime creature (8)]
  9289 | D:14     | Reached skill level 13 in Invocations
  9294 | D:14     | Killed Agnes
  9455 | D:14     | Found Leny Acu's Food Shop.
  9676 | D:14     | Noticed an ironheart preserver
  9697 | D:14     | Found a gate to the Vaults.
  9720 | D:14     | Killed an ironheart preserver
  9761 | D:14     | Reached skill level 10 in Armour
  9880 | D:14     | Bought a potion of invisibility for 96 gold pieces
  9880 | D:14     | Bought a potion of might for 48 gold pieces
  9880 | D:14     | Bought a potion of haste for 120 gold pieces
  9880 | D:14     | Bought a potion of heal wounds for 60 gold pieces
 10405 | D:12     | Found an opulent altar of Gozag.
 10811 | D:12     | Reached skill level 14 in Invocations
 11046 | Lair:1   | Entered Level 1 of the Lair of Beasts
 11061 | Lair:1   | You fall into a shaft and drop 1 floor!
 11175 | Lair:1   | Found a stormy altar of Qazlal.
 11266 | Lair:1   | Reached ****** piety under Makhleb
 12027 | Lair:2   | Noticed Gastronok
 12049 | Lair:2   | Killed Gastronok
 12049 | Lair:2   | Gained mutation: You resist negative energy. (rN+) [Deep
                  | Dwarf growth]
 12049 | Lair:2   | Reached XP level 14. HP: 135/135 MP: 0/13
 12217 | Lair:2   | Got a pitted lapis lazuli ring
 12218 | Lair:2   | Identified the ring "Ubak" {Ice rElec Str+2 Stlth+} (You
                  | found it on level 2 of the Lair of Beasts)
 12466 | Lair:2   | You fall into a shaft and drop 1 floor!
 12608 | Lair:3   | Found a hole to the Spider Nest.
 13235 | Lair:4   | Reached skill level 10 in Dodging
 13564 | Lair:4   | Found a staircase to the Shoals.
 13577 | Shoals:1 | Entered Level 1 of the Shoals
 13589 | Shoals:1 | Reached skill level 15 in Invocations
 14206 | Shoals:4 | Entered Level 4 of the Shoals
 14207 | Shoals:4 | Noticed Kirke
 14220 | Shoals:4 | Noticed a frost giant
 14234 | Shoals:4 | Killed Kirke
 14234 | Shoals:4 | Reached XP level 15. HP: 67/146 MP: 0/13
 14241 | Shoals:4 | Reached skill level 16 in Invocations
 14246 | Shoals:4 | Killed a frost giant
 14246 | Shoals:4 | Reached skill level 15 in Axes
 14327 | Shoals:4 | Slain by a merfolk impaler

Levels and vault maps discovered:
D:1:      wander_arrival_fairy_ring, layout_basic, minmay_misc_feat_alley
D:2:      layout_basic, marbit_many_paths
D:3:      layout_rooms, nicolae_overflow_hidden_temple,
          lemuel_coloured_pillars_altar
D:4:      layout_layer_cave, kiku_gazebo_pond_becter,
          grunt_temple_overflow_open, gammafunk_ghost_arena, first_ration,
          serial_shops, shop
D:5:      layout_basic, serial_park_tiny_2
D:6:      layout_loops_corners, minmay_temple_entry_water_ring, serial_shops,
          shop, nicolae_dithmenos_the_darkroom, uniq_duvessa, uniq_pikel,
          uniq_eustachio, uniq_sigmund
D:7:      layout_gridville, slow_altar_2, the_bakery, trog_ov_bears_minmay,
          uniq_menkaure
D:8:      layout_loops_ring, ashenzari_altar_1, grunt_decor_mini_mirrors,
          serial_bayou_ford_a, kennysheep_generic_room_2
D:9:      layout_layer_cave, grunt_ministairs_11, minmay_misc_feat_diagonals,
          minivault_26
D:10:     layout_stronghold, zombieorc2_lemuel
D:11:     layout_loops_ring, dpeg_oklobed_lair, uniq_fannar
D:12:     kennysheep_bubbly, layout_basic, nicolae_gozag_seed_capital
D:13:     layout_roguey, portal_ice_cave_demonic_guard, uniq_maurice,
          uniq_jorgrun
D:14:     layout_irregular_city, skrybe_vaults_entry_preservation, serial_shops,
          shop, nicolae_shop_crystal, kennysheep_small_square, uniq_snorg,
          uniq_agnes
Temple:   nicolae_temple_great_sept
Lair:1:   layout_cave_shapes, chequers_serial_rivers_micro_d, lemuel_oklob_altar
Lair:2:   layout_regular_city, uniq_gastronok
Lair:3:   layout_gridlike, spider_nest_entry_rubble
Lair:4:   layout_regular_city, minmay_shoals_entry_hut,
          kennysheep_basilisk_garden
Shoals:1: layout_shoals, uniq_nikola
Shoals:2: layout_shoals, centaur_isle, uniq_polyphemus
Shoals:3: layout_shoals, nicolae_shoals_undead_eyrie
Shoals:4: shoals_end_grunt_ice, layout_shoals, uniq_aizul, uniq_roxanne,
          uniq_kirke
Orc:1:    layout_caves

Skill      XL: |  1  2  3  4  5  6  7  8  9 10 11 12 13 14 15 |
---------------+----------------------------------------------+-----
Dodging        | 1 2 3 4 5 6 7 8 9 10 | 10.9
Fighting       | 3 4 5 6 8 9 10 11 12 | 12.6
Axes           | 3 4 5 6 7 9 10 11 12 13 14 15 | 15.0
Armour         | 4 5 6 7 8 9 10 11 | 11.4
Shields        | 4 |  4.1
Invocations    | 4 7 9 11 12 14 15 16 | 16.1

Action                   |  1- 3 |  4- 6 |  7- 9 | 10-12 | 13-15 || total
-------------------------+-------+-------+-------+-------+-------++-------
Melee: War axe           |    64 |   121 |   325 |   109 |       ||   619
       Battleaxe         |       |       |       |   482 |   825 ||  1307
Invok: Greater Servant o |       |       |       |       |     1 ||     1
       Lesser Servant of |       |       |       |       |     3 ||     3
 Abil: Heal Wounds       |       |     5 |     6 |    15 |    28 ||    54
Evoke: Wand              |       |       |     4 |       |     1 ||     5
  Use: Scroll            |       |     8 |     9 |     7 |     6 ||    30
       Potion            |       |       |     1 |       |     2 ||     3
 Stab: Distracted        |       |       |       |     1 |       ||     1
       Confused          |       |       |       |       |     2 ||     2
  Eat: Chunk             |       |     3 |     8 |    13 |    17 ||    41
       Ration            |       |       |       |     3 |     1 ||     4
Armor: Scale mail        |    30 |       |       |       |       ||    30
       Plate armour      |    18 |    77 |   209 |   448 |   696 ||  1448
Dodge: Dodged            |    24 |    21 |   103 |   399 |   697 ||  1244
Block: Kite shield       |    39 |    75 |   180 |    90 |       ||   384

Table legend:
 A = Non-vault XP
 B = Vault XP
 C = Vault XP percentage of total XP
 D = Non-vault monster count
 E = Vault monster count
 F = Vault count percentage of total count
                 A         B        C        D         E       F
            +---------+---------+-------+---------+---------+-------
      Total |   73823 |   39737 |  35.0 |     419 |     140 |  25.0
            +---------+---------+-------+---------+---------+-------
        D:1 |      31 |       0 |   0.0 |      15 |       0 |   0.0
        D:3 |      80 |       0 |   0.0 |      16 |       0 |   0.0
        D:4 |     223 |       0 |   0.0 |      12 |       0 |   0.0
        D:5 |     527 |       0 |   0.0 |      13 |       0 |   0.0
        D:6 |     983 |    1303 |  57.0 |      20 |       5 |  20.0
        D:7 |     506 |     685 |  57.5 |       9 |       5 |  35.7
        D:8 |    1524 |     213 |  12.3 |      39 |       2 |   4.9
        D:9 |    1557 |      50 |   3.1 |      14 |       1 |   6.7
       D:10 |    1633 |     767 |  32.0 |      16 |      36 |  69.2
       D:11 |    2455 |    1655 |  40.3 |      25 |       2 |   7.4
       D:12 |    4194 |    1669 |  28.5 |      38 |      12 |  24.0
       D:13 |    5641 |    3870 |  40.7 |      31 |       4 |  11.4
       D:14 |    8604 |    6656 |  43.6 |      22 |      11 |  33.3
     Lair:1 |    3897 |       0 |   0.0 |      21 |       0 |   0.0
     Lair:2 |    3322 |    2203 |  39.9 |      18 |       1 |   5.3
     Lair:3 |    2644 |     214 |   7.5 |      11 |       1 |   8.3
     Lair:4 |    8251 |    1228 |  13.0 |      30 |       6 |  16.7
   Shoals:1 |    6276 |       0 |   0.0 |      13 |       0 |   0.0
   Shoals:2 |    6666 |       0 |   0.0 |      13 |       0 |   0.0
   Shoals:3 |    9389 |     724 |   7.2 |      20 |       4 |  16.7
   Shoals:4 |    3848 |    9218 |  70.5 |       8 |      14 |  63.6
      Orc:1 |    1572 |       0 |   0.0 |      15 |       0 |   0.0
      IceCv |       0 |    9282 | 100.0 |       0 |      36 | 100.0
            +---------+---------+-------+---------+---------+-------
